cohdb
Replays
Latest Replays
All Replays
Popular Replays
Top Player Replays
Match Explorer
How It Works
Community
CoH3 Stats
Reddit
Sign in to upload your games and track your stats! →
Sign in with Steam
Match 42719237
Unlisted
Match 42719237
Overview
Messages
Build Orders
End
Kradschützen Motorcycle Team
Panzergrenadier Squad
Selects Armored Support Battlegroup
Panzergrenadier Squad
Construct Light Support Kompanie
MG34 Team
Fire Support Elements
Selects Salvage Kits
Selects Veteran Gunners
Flakvierling Half-track
le.IG 18 Mechanized Group
2.5-tonne Medical Truck
MG34 Team
Pak 38 Anti-tank Gun Team
Veteran Squad Leaders
Vehicle Survival Package
Selects Panzer Storm
Construct Panzerarmee Kommand
Selects Stuka Dive Bomb
Panzer III L Medium Tank
Stuka Dive Bomb
Schorschl
Onoyk
0
0
Comments
sign in to comment!
No comments posted yet!